 Dungeon Crawl Stone Soup version 0.30.0-30-g96aa6591b8 (webtiles) character file.

Game seed: 18254472209388504235

66 AgateBread the Grasshopper (level 3, -1/32 HPs)
             Began as an Armataur Warper on June 28, 2023.
             Slain by a gnoll
             ... wielding a +0 halberd
              (15 damage)
             ... on level 2 of the Dungeon.
             The game lasted 00:06:21 (1190 turns).

AgateBread the Grasshopper (Armataur Warper)        Turns: 1190, Time: 00:06:22

Health: -1/32      AC:  5    Str: 16    XL:     3   Next: 96%
Magic:  5/5        EV:  9    Int: 13    God:
Gold:   72         SH:  0    Dex: 11    Spells: 5/5 levels left

rFire   . . .        g - +2 dagger (drain)
rCold   . . .        (no shield)
rNeg    . . .        b - +0 leather armour
rPois   .            (no helmet)
rElec   .            (no cloak)
rCorr   .            l - +0 pair of gloves
SInv    .            (no barding)
Will    .....        (no amulet)
Stlth   +            (no ring)
HPRegen 0.25/turn    (no ring)
MPRegen 0.09/turn

%: roll
@: no status effects
A: large, rugged brown scales 3, deformed body, armoured tail, roll, long
tongue, awkward tongue
a: no special abilities


You were on level 2 of the Dungeon.
You visited 1 branch of the dungeon, and saw 3 of its levels.

You collected 72 gold pieces.

Inventory:

Hand Weapons
 a - a +0 falchion
 g - a +2 dagger of draining (weapon)
Missiles
 d - 3 boomerangs of dispersal (quivered)
 i - a poisoned dart
Armour
 b - a +0 leather armour (worn)
 l - a +0 pair of gloves (worn)
Magical Staves
 j - a staff of poison
Scrolls
 h - a scroll of enchant armour {unknown}
 m - a scroll of teleportation {unknown}
Potions
 f - 2 potions of curing {unknown}
 k - a potion of mutation {unknown}


   Skills:
 + Level 2.6 Fighting
 + Level 2.6 Long Blades
 - Level 0.8 Throwing
 - Level 1.2 Armour
 - Level 1.3 Dodging
 - Level 1.7 Spellcasting
 + Level 3.7 Translocations


You had 5 spell levels left.
You didn't know any spells.
Your spell library contained the following spells:

 Spells                   Type           Power      Damage    Failure   Level
 Blink                    Tloc           20%        N/A       11%         2
 Lesser Beckoning         Tloc           20%        N/A       11%         2
 Teleport Other           Tloc           10%        N/A       22%         3
 Vhi's Electric Charge    Tloc/Air       10%        N/A       41%         3
 Manifold Assault         Tloc           10%        N/A       56%         4


Dungeon Overview and Level Annotations

Branches:
Dungeon (3/15)

Altars:


Innate Abilities, Weirdness & Mutations

You are completely covered in rugged brown scales. (AC +3, +7% HP)
Armour fits poorly on your strangely shaped body.
You have a long armoured tail.
You roll when moving toward enemies. (Rampage)
Your long tongue fully drains potion bottles. (2x potion effects)
Your tongue gives you trouble enunciating. (1.5x scroll delay)


Message History

Aim: a gnoll, wielding a +0 halberd (60% to hit)
You throw a boomerang of dispersal.
The boomerang of dispersal hits the gnoll and shatters for extra damage.
The gnoll blinks!
The gnoll is moderately wounded.
As you slowly read the scroll labelled ZEOXUU CYUTO, it crumbles to dust.
You assume a fearsome visage.
The gnoll looks frightened! x2
It was a scroll of fear.
There is a stone staircase leading down here.
You climb downwards.
There is a stone staircase leading up here.
You start resting.
HP restored.
You climb upwards.
There is a stone staircase leading down here.
There is a stone staircase leading down here.
You roll towards the gnoll!
The gnoll closely misses you.
You roll towards the gnoll!
You hit the gnoll. You drain the gnoll.
The gnoll is heavily wounded.
The gnoll barely misses you.
You closely miss the gnoll.
The gnoll is heavily wounded.
The gnoll hits you with a +0 halberd.
You hit the gnoll but do no damage. You drain the gnoll. You punch the gnoll.
The gnoll is almost dead.
The gnoll barely misses you.
You hit the gnoll.
You kill the gnoll!
Things that are here:
a +0 halberd; a gnoll corpse
Things that are here:
a +0 halberd; a gnoll corpse The gnoll hits you from afar with a +0 halberd.
The gnoll closely misses you. The gnoll hits you with a +0 halberd!
You hit the gnoll but do no damage.
Your tail-slap misses the gnoll.
You hit the gnoll.
The gnoll is lightly wounded.
The gnoll hits you with a +0 halberd!
You die...

#..[..# #.....#
#.....# ..(# ##.####
...# #.# ..# #.# #.#
#.#
..###.######.#####
.........)..@>.#
####..###.#.#g..#
####.........†.#...#
...............#...#
####.......#.......#
####+####.##..)####
..###.###..)..# ###
........#.##g######
..+
................#


You could see a gnoll.

Vanquished Creatures
  3 gnolls (D:2)
  7 ball pythons
  3 bats (D:1)
  3 endoplasms (D:1)
  2 giant cockroaches
  3 hobgoblins
  3 jackals (D:1)
  A quokka (D:1)
  4 kobolds (D:1)
  6 rats
35 creatures vanquished.

Notes
Turn   | Place    | Note
-------+----------+-------------------------------------------
     0 | D:1      | AgateBread the Armataur Warper began the quest for the Orb.
     0 | D:1      | Reached XP level 1. HP: 18/18 MP: 3/3
   287 | D:1      | Reached XP level 2. HP: 25/25 MP: 4/4
   568 | D:1      | You fall into a shaft and drop 1 floor!
   843 | D:1      | Reached XP level 3. HP: 32/32 MP: 5/5
  1190 | D:2      | Slain by a gnoll

Illustrated notes

Levels and vault maps discovered:
D:1:      dpeg_arrival_rooms_a, layout_loops_corners, serial_glass,
          glass_columns_a, glass_columns_c
D:2:      layout_basic, minmay_split_cup_small, uniq_crazy_yiuf_cottage
D:3:      layout_loops_ring, hellmonk_ecumenical_altar_zigzags

Skill      XL: |  1 |
---------------+----+-----
Fighting       | 2 |  2.6
Long Blades    | 2 |  2.6
Throwing       | |  0.8
Armour         | |  1.2
Dodging        | |  1.3
Spellcasting   | |  1.7
Translocations | |  3.7

Action                     || total
---------------------------++-------
  Melee: Falchion          ||    20
         Dagger            ||    76
         Tailslap          ||     7
         Punch             ||     2
  Throw: Boomerang         ||     4
         Dart              ||     4
    Use: Scroll            ||     2
 Armour: Leather armour    ||    27
  Dodge: Dodged            ||    49
